NYP
LOS ANGELES (NYP) ANGELS @ TRI-CITY VALLEYCATS
06/05/2048
 
TOP OF THE 1ST
Los Angeles (NYP) Angels batting - Pitching for Tri-City ValleyCats : LHP Jason Mitchell
Pitching: LHP Jason Mitchell
Batting: RHB Dan Myers 0-0: Called Strike
0-1: Foul Ball, location: 2F
0-2: Foul Ball, location: 2F
0-2: Ball
1-2: Ball
2-2: Ball
3-2: Base on Balls
Batting: RHB Rory Cobb 0-0: Ball
1-0: Fielders Choice at 2nd, 6-4 (Groundball, 6, EV 103.8 MPH)
Batting: RHB Sean Rocha 0-0: Foul Ball, location: 2F
0-1: Swinging Strike
0-2: Ball
1-2: Fly out, F7 (Flyball, 7, EV 87.5 MPH)
Batting: SHB Danny Gelinas Balk!
Rory Cobb to second
0-0: Called Strike
0-1: Foul Ball, location: 2F
0-2: Fly out, F3 (Popup, 23F, EV 81.2 MPH)
Top of the 1st over - 0 runs, 0 hits, 0 errors, 1 left on base; Los Angeles (NYP) 0 - Tri-City 0
BOTTOM OF THE 1ST
Tri-City ValleyCats batting - Pitching for Los Angeles (NYP) Angels : RHP Manuel Vega
Pitching: RHP Manuel Vega
Batting: RHB Omar Amaya 0-0: Ball
1-0: Ball
2-0: Foul Ball, location: 2F
2-1: SINGLE (Line Drive, 78S, EV 86.2 MPH)
Batting: LHB Omar Marquez 0-0: Ball
Omar Amaya steals 2nd base (no throw)
1-0: Fly out, F8 (Flyball, 8RD, EV 83.1 MPH)
Batting: RHB Erik Smith 0-0: Fly out, F2 (Popup, 2LF, EV 87.5 MPH)
Batting: LHB Bruce Arvizu 0-0: Ball
Wild Pitch!
Omar Amaya to third
1-0: Ball
2-0: Ball
Wild Pitch!
Omar Amaya scores
3-0: Called Strike
3-1: Fly out, F8 (Flyball, 8RM, EV 90.0 MPH)
Bottom of the 1st over - 1 run, 1 hit, 0 errors, 0 left on base; Los Angeles (NYP) 0 - Tri-City 1
TOP OF THE 2ND
Los Angeles (NYP) Angels batting - Pitching for Tri-City ValleyCats : LHP Jason Mitchell
Batting: RHB Dan Burkhart 0-0: Foul Ball, location: 2F
0-1: Ground out 4-3 (Groundball, 4, EV 92.5 MPH)
Batting: LHB Spencer Palmer 0-0: Swinging Strike
0-1: Foul Ball, location: 2F
0-2: Ball
1-2: Foul Ball, location: 2F
1-2: Ground out 6-3 (Groundball, 6S, EV 90.6 MPH)
Batting: RHB Phil Knox 0-0: Fly out, F8 (Flyball, 8LXD, EV 102.5 MPH)
Top of the 2nd over - 0 runs, 0 hits, 0 errors, 0 left on base; Los Angeles (NYP) 0 - Tri-City 1
BOTTOM OF THE 2ND
Tri-City ValleyCats batting - Pitching for Los Angeles (NYP) Angels : RHP Manuel Vega
Batting: RHB Dinand Brouwer 0-0: Called Strike
0-1: Ball
1-1: Called Strike
1-2: Strikes out swinging
Batting: RHB Drew Coleman 0-0: Ball
1-0: Ball
2-0: Called Strike
2-1: Ground out 1-3 (Groundball, 34S, EV 67.5 MPH)
Batting: RHB Steve Moore 0-0: Ball
1-0: Ball
2-0: Ground out 6-3 (Groundball, 6, EV 85.6 MPH)
Bottom of the 2nd over - 0 runs, 0 hits, 0 errors, 0 left on base; Los Angeles (NYP) 0 - Tri-City 1
TOP OF THE 3RD
Los Angeles (NYP) Angels batting - Pitching for Tri-City ValleyCats : LHP Jason Mitchell
Batting: LHB Alberto Carrillo 0-0: Ball
1-0: Called Strike
1-1: Called Strike
1-2: Ball
2-2: Strikes out swinging, 2-3 out at first.
Batting: LHB Adam Barry 0-0: Foul Ball, location: 2F
0-1: Ball
1-1: Called Strike
1-2: Strikes out swinging
Batting: RHB Dan Myers 0-0: Called Strike
0-1: Ball
1-1: Swinging Strike
1-2: Foul Ball, location: 2F
1-2: Strikes out swinging
Top of the 3rd over - 0 runs, 0 hits, 0 errors, 0 left on base; Los Angeles (NYP) 0 - Tri-City 1
BOTTOM OF THE 3RD
Tri-City ValleyCats batting - Pitching for Los Angeles (NYP) Angels : RHP Manuel Vega
Batting: RHB Yoshitoshi Mori 0-0: Ground out 4-3 (Groundball, 4S, EV 85.6 MPH)
Batting: RHB To-wai Chen 0-0: Ball
1-0: Ball
2-0: Called Strike
2-1: Ground out 3-1 (Groundball, 13, EV 90.0 MPH)
Batting: RHB Omar Amaya 0-0: Called Strike
0-1: Swinging Strike
0-2: Strikes out swinging
Bottom of the 3rd over - 0 runs, 0 hits, 0 errors, 0 left on base; Los Angeles (NYP) 0 - Tri-City 1
TOP OF THE 4TH
Los Angeles (NYP) Angels batting - Pitching for Tri-City ValleyCats : LHP Jason Mitchell
Batting: RHB Rory Cobb 0-0: Called Strike
0-1: Ground out 4-3 (Groundball, 4, EV 105.0 MPH)
Batting: RHB Sean Rocha 0-0: Called Strike
0-1: Foul Ball, location: 2F
0-2: Strikes out swinging
Batting: SHB Danny Gelinas 0-0: Ball
1-0: SOLO HOME RUN (Flyball, 78XD, EV 106.9 MPH), Distance : 433 ft
Batting: RHB Dan Burkhart 0-0: Called Strike
0-1: Foul Ball, location: 2F
0-2: Strikes out swinging
Top of the 4th over - 1 run, 1 hit, 0 errors, 0 left on base; Los Angeles (NYP) 1 - Tri-City 1
BOTTOM OF THE 4TH
Tri-City ValleyCats batting - Pitching for Los Angeles (NYP) Angels : RHP Manuel Vega
Batting: LHB Omar Marquez 0-0: Called Strike
0-1: Foul Ball, location: 2F
0-2: Ball
1-2: Foul Ball, location: 2F
1-2: Ball
2-2: Fly out, F8 (Line Drive, 89M, EV 95.0 MPH)
Batting: RHB Erik Smith 0-0: Ball
1-0: Foul Ball, location: 2F
1-1: Swinging Strike
1-2: Foul Ball, location: 2F
1-2: Strikes out swinging
Batting: LHB Bruce Arvizu 0-0: Ball
1-0: Fly out, F5 (Popup, 5SF, EV 71.9 MPH)
Bottom of the 4th over - 0 runs, 0 hits, 0 errors, 0 left on base; Los Angeles (NYP) 1 - Tri-City 1
TOP OF THE 5TH
Los Angeles (NYP) Angels batting - Pitching for Tri-City ValleyCats : LHP Jason Mitchell
Batting: LHB Spencer Palmer 0-0: Ball
1-0: Ball
2-0: Called Strike
2-1: Foul Ball, location: 2F
2-2: SINGLE (Line Drive, 78S, EV 91.2 MPH)
Batting: RHB Phil Knox 0-0: Ball
1-0: Foul Ball, location: 2F
1-1: Hit by Pitch
Spencer Palmer to second
Batting: LHB Alberto Carrillo 0-0: DOUBLE (Groundball, 3L, EV 98.8 MPH)
Spencer Palmer scores
Phil Knox to third
Batting: LHB Adam Barry 0-0: Ground out 3-1 (Groundball, 34S, EV 66.2 MPH)
Phil Knox scores
Alberto Carrillo to third
Batting: RHB Dan Myers 0-0: Foul Ball, location: 2F
0-1: Ball
1-1: Ball
2-1: Ball
3-1: Base on Balls
Batting: RHB Rory Cobb 0-0: Called Strike
Dan Myers steals 2nd base
0-1: Fly out, F7 (Flyball, 78S, EV 81.2 MPH)
Batting: RHB Sean Rocha 0-0: Called Strike
0-1: Foul Ball, location: 2F
0-2: Ground out U3 (Groundball, 3L, EV 100.0 MPH)
Top of the 5th over - 2 runs, 2 hits, 0 errors, 2 left on base; Los Angeles (NYP) 3 - Tri-City 1
BOTTOM OF THE 5TH
Tri-City ValleyCats batting - Pitching for Los Angeles (NYP) Angels : RHP Manuel Vega
Batting: RHB Dinand Brouwer 0-0: Ball
1-0: Swinging Strike
1-1: Ball
2-1: Fly out, F8 (Flyball, 8LM, EV 90.6 MPH)
Batting: RHB Drew Coleman 0-0: Ball
1-0: Called Strike
1-1: Ball
2-1: Foul Ball, location: 2F
2-2: Foul Ball, location: 2F
2-2: Strikes out swinging
Batting: RHB Steve Moore 0-0: Called Strike
0-1: DOUBLE (Line Drive, 78M, EV 88.8 MPH)
Batting: RHB Yoshitoshi Mori 0-0: Called Strike
0-1: Called Strike
0-2: Ball
1-2: Strikes out swinging
Bottom of the 5th over - 0 runs, 1 hit, 0 errors, 1 left on base; Los Angeles (NYP) 3 - Tri-City 1
TOP OF THE 6TH
Los Angeles (NYP) Angels batting - Pitching for Tri-City ValleyCats : LHP Jason Mitchell
Batting: SHB Danny Gelinas 0-0: Fly out, F4 (Popup, 23, EV 87.5 MPH)
Batting: RHB Dan Burkhart 0-0: Ball
1-0: Ball
2-0: Called Strike
2-1: Called Strike
2-2: Hit by Pitch
Batting: LHB Spencer Palmer 0-0: Called Strike
0-1: Swinging Strike
0-2: Ball
1-2: Ball
2-2: Ball
3-2: Strikes out swinging
Batting: RHB Phil Knox 0-0: Ball
1-0: SINGLE (Groundball, 34D, EV 99.4 MPH)
Dan Burkhart to second
Runner from 2nd tries for 3rd, SAFE, throw by RF made to third
Batting: LHB Alberto Carrillo 0-0: Called Strike
0-1: Ground out 4-3 (Groundball, 4, EV 101.9 MPH)
Top of the 6th over - 0 runs, 1 hit, 0 errors, 2 left on base; Los Angeles (NYP) 3 - Tri-City 1
BOTTOM OF THE 6TH
Tri-City ValleyCats batting - Pitching for Los Angeles (NYP) Angels : RHP Manuel Vega
Batting: RHB To-wai Chen 0-0: Ground out 5-3 (Groundball, 56, EV 83.1 MPH)
Batting: RHB Omar Amaya 0-0: Foul Ball, location: 2F
0-1: Ball
1-1: Foul Ball, location: 2F
1-2: Strikes out swinging
Batting: LHB Omar Marquez 0-0: Swinging Strike
0-1: Ball
1-1: Ball
2-1: Swinging Strike
2-2: Strikes out looking
Bottom of the 6th over - 0 runs, 0 hits, 0 errors, 0 left on base; Los Angeles (NYP) 3 - Tri-City 1
TOP OF THE 7TH
Los Angeles (NYP) Angels batting - Pitching for Tri-City ValleyCats : LHP Jason Mitchell
Batting: LHB Adam Barry 0-0: Fly out, F6 (Popup, 6M, EV 56.9 MPH)
Batting: RHB Dan Myers 0-0: Foul Ball, location: 2F
0-1: Foul Ball, location: 2F
0-2: Foul Ball, location: 2F
0-2: Foul Ball, location: 2F
0-2: Ball
1-2: Strikes out swinging
Batting: RHB Rory Cobb 0-0: Ball
1-0: Ball
2-0: Ball
3-0: Called Strike
3-1: Foul Ball, location: 2F
3-2: Foul Ball, location: 2F
3-2: Strikes out swinging
Top of the 7th over - 0 runs, 0 hits, 0 errors, 0 left on base; Los Angeles (NYP) 3 - Tri-City 1
BOTTOM OF THE 7TH
Tri-City ValleyCats batting - Pitching for Los Angeles (NYP) Angels : RHP Manuel Vega
Batting: RHB Erik Smith 0-0: Foul Ball, location: 2F
0-1: Ball
1-1: Ball
2-1: Ball
3-1: Called Strike
3-2: Foul Ball, location: 2F
3-2: Strikes out swinging
Batting: LHB Bruce Arvizu 0-0: Called Strike
0-1: Ball
1-1: Swinging Strike
1-2: Ball
2-2: SINGLE (Groundball, 34D, EV 96.9 MPH)
Pitching: RHP Troy Ingram
Batting: RHB Dinand Brouwer 0-0: Ball
1-0: Ball
2-0: Foul Ball, location: 2F
2-1: Foul Ball, location: 2F
2-2: Strikes out swinging
Pinch Hitting: LHB Tomas de Zeeuw 0-0: Ball
Passed Ball!
Bruce Arvizu to second
1-0: Ball
2-0: Ground out 6-3 (Groundball, 6, EV 100.0 MPH)
Bottom of the 7th over - 0 runs, 1 hit, 0 errors, 1 left on base; Los Angeles (NYP) 3 - Tri-City 1
TOP OF THE 8TH
Los Angeles (NYP) Angels batting - Pitching for Tri-City ValleyCats : LHP Jason Mitchell
Pitching: RHP Russ Greer
Now at 2B: To-wai Chen
Now at 3B: Sean Hill
Batting: RHB Sean Rocha 0-0: Ball
1-0: SINGLE (Groundball, 56D, EV 108.8 MPH)
Batting: SHB Danny Gelinas 0-0: Ball
1-0: Ball
2-0: Called Strike
2-1: Ball
3-1: Base on Balls
Sean Rocha to second
Batting: RHB Dan Burkhart 0-0: Ball
1-0: Foul Ball, location: 2F
1-1: Ball
2-1: Foul Ball, location: 2F
2-2: Foul Ball, location: 2F
2-2: Strikes out looking
Batting: LHB Spencer Palmer 0-0: Ball
Sean Rocha is caught stealing 3rd base 2-5
1-0: Ball
2-0: SINGLE (Groundball, 34D, EV 96.2 MPH)
Danny Gelinas to second
Runner from 2nd tries for 3rd, SAFE, throw by RF made to third
Spencer Palmer to second
Batting: RHB Phil Knox 0-0: Ball
1-0: Fly out, F7 (Flyball, 7D, EV 88.8 MPH)
Top of the 8th over - 0 runs, 2 hits, 0 errors, 2 left on base; Los Angeles (NYP) 3 - Tri-City 1
BOTTOM OF THE 8TH
Tri-City ValleyCats batting - Pitching for Los Angeles (NYP) Angels : RHP Troy Ingram
Batting: RHB Steve Moore 0-0: Foul Ball, location: 2F
0-1: Fly out, F7 (Flyball, 7S, EV 81.9 MPH)
Batting: RHB Yoshitoshi Mori 0-0: Ball
1-0: Called Strike
1-1: Ball
2-1: Foul Ball, location: 2F
2-2: Ball
3-2: Strikes out looking
Batting: RHB To-wai Chen 0-0: Foul Ball, location: 2F
0-1: Ball
1-1: Foul Ball, location: 2F
1-2: Strikes out swinging
Bottom of the 8th over - 0 runs, 0 hits, 0 errors, 0 left on base; Los Angeles (NYP) 3 - Tri-City 1
TOP OF THE 9TH
Los Angeles (NYP) Angels batting - Pitching for Tri-City ValleyCats : RHP Russ Greer
Batting: LHB Alberto Carrillo 0-0: Foul Ball, location: 2F
0-1: Ball
1-1: TRIPLE (Line Drive, 8RXD, EV 112.5 MPH)
Batting: LHB Adam Barry 0-0: Swinging Strike
0-1: Ball
1-1: Ball
2-1: Ball
3-1: Called Strike
3-2: Fly out, F8 (Line Drive, 8LD, EV 95.6 MPH)
Runner from 3rd tags up, OUT at HOME! 8-2
Batting: RHB Dan Myers 0-0: Foul Ball, location: 2F
0-1: Swinging Strike
0-2: Strikes out looking
Top of the 9th over - 0 runs, 1 hit, 0 errors, 0 left on base; Los Angeles (NYP) 3 - Tri-City 1
BOTTOM OF THE 9TH
Tri-City ValleyCats batting - Pitching for Los Angeles (NYP) Angels : RHP Troy Ingram
Pitching: RHP Simon Vogel
Batting: RHB Omar Amaya 0-0: Ball
1-0: Ball
2-0: SINGLE (Groundball, 56, EV 102.5 MPH)
Batting: LHB Omar Marquez 0-0: Swinging Strike
0-1: Foul Ball, location: 2F
0-2: Ball
1-2: Foul Ball, location: 2F
1-2: Strikes out swinging
Batting: RHB Erik Smith 0-0: Foul Ball, location: 2F
0-1: Fly out, F9 (Flyball, 9S, EV 88.8 MPH)
Batting: LHB Bruce Arvizu 0-0: Ball
1-0: Called Strike
1-1: Called Strike
1-2: Ball
2-2: Strikes out looking
Bottom of the 9th over - 0 runs, 1 hit, 0 errors, 1 left on base; Los Angeles (NYP) 3 - Tri-City 1
Tuesday, March 28th , 2023 - OOTP Baseball 23.10 Build 110